TOP OF THE 1ST |
Ottawa Nationals batting - Pitching for Marquette Miners : RHP Melvin Tiburcio
|
Pitching: RHP Melvin Tiburcio
|
|
Batting: RHB Tomás Bermúdez
|
0-0: Ball 1-0: Foul Ball, location: 2F 1-1: Fly out, F9 (Flyball, 89S)
|
Batting: LHB Walt Lathon
|
0-0: Ball 1-0: Called Strike 1-1: Swinging Strike 1-2: Ball 2-2: Foul Ball, location: 2F 2-2: Foul Ball, location: 2F 2-2: Ground out U3 (Groundball, 3)
|
Batting: LHB Alan Shaw
|
0-0: Foul Ball, location: 2F 0-1: Foul Ball, location: 2F 0-2: Ball 1-2: Ball 2-2: Foul Ball, location: 2F 2-2: Ball 3-2: Ground out 1-3 (Groundball, 15S)
|
Top of the 1st over - 0 runs, 0 hits, 0 errors, 0 left on base; Ottawa 0 - Marquette 0 |
BOTTOM OF THE 1ST |
Marquette Miners batting - Pitching for Ottawa Nationals : RHP Héctor Aguilar
|
Pitching: RHP Héctor Aguilar
|
|
Batting: RHB Andrew Cantrell
|
0-0: Foul Ball, location: 2F 0-1: Foul Ball, location: 2F 0-2: Ground out 6-3 (Groundball, 6)
|
Batting: RHB Steven Rohrs
|
0-0: Called Strike 0-1: DOUBLE (Line Drive, 8LD)
|
Batting: LHB Adrian McCoy
|
0-0: Called Strike 0-1: Foul Ball, location: 2F 0-2: Strikes out looking
|
Batting: SHB Theron Montecalvo
|
0-0: Called Strike 0-1: Ball 1-1: Swinging Strike 1-2: Foul Ball, location: 2F 1-2: Strikes out looking
|
Bottom of the 1st over - 0 runs, 1 hit, 0 errors, 1 left on base; Ottawa 0 - Marquette 0 |
TOP OF THE 2ND |
Ottawa Nationals batting - Pitching for Marquette Miners : RHP Melvin Tiburcio
|
Batting: RHB Jon Hounshell
|
0-0: Called Strike 0-1: Fly out, F1 (Line Drive, 13)
|
Batting: RHB Juan Román
|
0-0: Called Strike 0-1: Ball 1-1: Called Strike 1-2: Ball 2-2: Foul Ball, location: 2F 2-2: Ball 3-2: Ground out 4-3 (Groundball, 4M)
|
Batting: RHB Mike Jennings
|
0-0: DOUBLE (Line Drive, 78D)
|
Batting: RHB Alejandro Serrato
|
0-0: Swinging Strike 0-1: Swinging Strike 0-2: Foul Ball, location: 2F 0-2: Ball 1-2: Ball 2-2: Foul Ball, location: 2F 2-2: Strikes out swinging
|
Top of the 2nd over - 0 runs, 1 hit, 0 errors, 1 left on base; Ottawa 0 - Marquette 0 |
BOTTOM OF THE 2ND |
Marquette Miners batting - Pitching for Ottawa Nationals : RHP Héctor Aguilar
|
Batting: RHB Roy Bowman
|
0-0: Ball 1-0: Foul Ball, location: 2F 1-1: Ball 2-1: Called Strike 2-2: Ball 3-2: Base on Balls
|
Batting: RHB Ken Little
|
0-0: Swinging Strike 0-1: Ball 1-1: Fly out, F4 (Line Drive, 4M)
|
Batting: SHB Ted Tullo
|
0-0: Ball 1-0: Ball 2-0: Swinging Strike 2-1: Ball 3-1: Called Strike 3-2: Fielders Choice at 2nd, 3-6 (Groundball, 3)
|
Batting: RHB Adam Khan
|
0-0: Called Strike 0-1: Called Strike 0-2: Strikes out looking
|
Bottom of the 2nd over - 0 runs, 0 hits, 0 errors, 1 left on base; Ottawa 0 - Marquette 0 |
TOP OF THE 3RD |
Ottawa Nationals batting - Pitching for Marquette Miners : RHP Melvin Tiburcio
|
Batting: LHB Jesús Mancía
|
0-0: Ball 1-0: Called Strike 1-1: Swinging Strike 1-2: Strikes out looking
|
Batting: RHB Raleigh Delaney
|
0-0: Ball 1-0: Ball 2-0: Called Strike 2-1: Ball 3-1: Base on Balls
|
Batting: RHB Tomás Bermúdez
|
0-0: Fly out, F7 (Flyball, 78D)
|
Batting: LHB Walt Lathon
|
0-0: Fly out, F7 (Flyball, 7LM)
|
Top of the 3rd over - 0 runs, 0 hits, 0 errors, 1 left on base; Ottawa 0 - Marquette 0 |
BOTTOM OF THE 3RD |
Marquette Miners batting - Pitching for Ottawa Nationals : RHP Héctor Aguilar
|
Batting: RHB Brock Dean
|
0-0: Swinging Strike 0-1: Ball 1-1: Ball 2-1: Foul Ball, location: 2F 2-2: Fly out, F8 (Flyball, 8RD)
|
Batting: RHB Andrew Cantrell
|
0-0: Ball 1-0: DOUBLE (Flyball, 78D)
|
Batting: RHB Steven Rohrs
|
0-0: Ball 1-0: Ground out U3 (Groundball, 3) Andrew Cantrell to third
|
Batting: LHB Adrian McCoy
|
0-0: Ball 1-0: Ball 2-0: Called Strike 2-1: Ball 3-1: Base on Balls
|
Batting: SHB Theron Montecalvo
|
0-0: Ball 1-0: Fly out, F4 (Line Drive, 4)
|
Bottom of the 3rd over - 0 runs, 1 hit, 0 errors, 2 left on base; Ottawa 0 - Marquette 0 |
TOP OF THE 4TH |
Ottawa Nationals batting - Pitching for Marquette Miners : RHP Melvin Tiburcio
|
Batting: LHB Alan Shaw
|
0-0: Ball 1-0: Ball 2-0: Foul Ball, location: 2F 2-1: Foul Ball, location: 2F 2-2: Foul Ball, location: 2F 2-2: Ball 3-2: DOUBLE (Groundball, 3L)
|
Pitching: RHP Cisco Ortega
|
|
Batting: RHB Jon Hounshell
|
0-0: Ball 1-0: Fly out, F9 (Flyball, 9) Runner from 2nd tags up, SAFE at 3rd with throw
|
Batting: RHB Juan Román
|
0-0: Ball 1-0: Ball 2-0: Ball 3-0: Base on Balls
|
Batting: RHB Mike Jennings
|
0-0: Grounds into double play, 5-4-3 (Groundball, 5)
|
Top of the 4th over - 0 runs, 1 hit, 0 errors, 1 left on base; Ottawa 0 - Marquette 0 |
BOTTOM OF THE 4TH |
Marquette Miners batting - Pitching for Ottawa Nationals : RHP Héctor Aguilar
|
Batting: RHB Roy Bowman
|
0-0: Ball 1-0: Swinging Strike 1-1: Foul Ball, location: 2F 1-2: Foul Ball, location: 2F 1-2: Foul Ball, location: 2F 1-2: Ball 2-2: Foul Ball, location: 2F 2-2: Ball 3-2: Base on Balls
|
Batting: RHB Ken Little
|
0-0: Called Strike 0-1: Ball 1-1: Grounds into double play, 6-4-3 (Groundball, 6)
|
Batting: SHB Ted Tullo
|
0-0: Called Strike 0-1: Ball 1-1: Ball 2-1: Fly out, F7 (Flyball, 78XD)
|
Bottom of the 4th over - 0 runs, 0 hits, 0 errors, 0 left on base; Ottawa 0 - Marquette 0 |
TOP OF THE 5TH |
Ottawa Nationals batting - Pitching for Marquette Miners : RHP Cisco Ortega
|
Batting: RHB Alejandro Serrato
|
0-0: Swinging Strike 0-1: Ball 1-1: Ball 2-1: Ball 3-1: Base on Balls
|
Batting: LHB Jesús Mancía
|
0-0: Sac Bunt - play at first, batter OUT! 5-3 Alejandro Serrato to second
|
Batting: RHB Raleigh Delaney
|
0-0: Ball 1-0: DOUBLE (Line Drive, 78D) Alejandro Serrato scores
|
Batting: RHB Tomás Bermúdez
|
0-0: Ball 1-0: Called Strike 1-1: Ball 2-1: Swinging Strike 2-2: Ground out 5-3 (Groundball, 5)
|
Batting: LHB Walt Lathon
|
0-0: Ball 1-0: Ball 2-0: Called Strike 2-1: Foul Ball, location: 2F 2-2: Foul Ball, location: 2F 2-2: Ground out U3 (Groundball, 3S)
|
Top of the 5th over - 1 run, 1 hit, 0 errors, 1 left on base; Ottawa 1 - Marquette 0 |
BOTTOM OF THE 5TH |
Marquette Miners batting - Pitching for Ottawa Nationals : RHP Héctor Aguilar
|
Batting: RHB Adam Khan
|
0-0: Called Strike 0-1: Called Strike 0-2: Ball 1-2: Foul Ball, location: 2F 1-2: Ball 2-2: Strikes out swinging
|
Batting: RHB Brock Dean
|
0-0: Called Strike 0-1: Ball 1-1: Called Strike 1-2: Foul Ball, location: 2F 1-2: Ball 2-2: Strikes out swinging
|
Batting: RHB Andrew Cantrell
|
0-0: Ball 1-0: Ball 2-0: Ball 3-0: Called Strike 3-1: Base on Balls
|
Batting: RHB Steven Rohrs
|
0-0: Fly out, F4 (Popup, 4D)
|
Bottom of the 5th over - 0 runs, 0 hits, 0 errors, 1 left on base; Ottawa 1 - Marquette 0 |
TOP OF THE 6TH |
Ottawa Nationals batting - Pitching for Marquette Miners : RHP Cisco Ortega
|
Batting: LHB Alan Shaw
|
0-0: Ball 1-0: Ball 2-0: Called Strike 2-1: Fly out, F7 (Flyball, 78D)
|
Batting: RHB Jon Hounshell
|
0-0: Ball 1-0: Fly out, F6 (Line Drive, 6M)
|
Batting: RHB Juan Román
|
0-0: Called Strike 0-1: Ball 1-1: Ball 2-1: Swinging Strike 2-2: Ball 3-2: Base on Balls
|
Batting: RHB Mike Jennings
|
0-0: Ball 1-0: Fly out, F8 (Flyball, 8RD)
|
Top of the 6th over - 0 runs, 0 hits, 0 errors, 1 left on base; Ottawa 1 - Marquette 0 |
BOTTOM OF THE 6TH |
Marquette Miners batting - Pitching for Ottawa Nationals : RHP Héctor Aguilar
|
Batting: LHB Adrian McCoy
|
0-0: Ball 1-0: Ball 2-0: Called Strike 2-1: Ball 3-1: Called Strike 3-2: Fly out, F9 (Flyball, 89S)
|
Batting: SHB Theron Montecalvo
|
0-0: Swinging Strike 0-1: Ball 1-1: Ground out 3-1 (Groundball, 34)
|
Batting: RHB Roy Bowman
|
0-0: Ball 1-0: SINGLE (Line Drive, 7S)
|
Batting: RHB Ken Little
|
0-0: Ball 1-0: Called Strike 1-1: Swinging Strike 1-2: Strikes out swinging
|
Bottom of the 6th over - 0 runs, 1 hit, 0 errors, 1 left on base; Ottawa 1 - Marquette 0 |
TOP OF THE 7TH |
Ottawa Nationals batting - Pitching for Marquette Miners : RHP Cisco Ortega
|
Batting: RHB Alejandro Serrato
|
0-0: Called Strike 0-1: Foul Ball, location: 2F 0-2: Ball 1-2: Fly out, F7 (Flyball, 78S)
|
Batting: LHB Jesús Mancía
|
0-0: Called Strike 0-1: Ball 1-1: Ball 2-1: Foul Ball, location: 2F 2-2: Foul Ball, location: 2F 2-2: Foul Ball, location: 2F 2-2: Foul Ball, location: 2F 2-2: Foul Ball, location: 2F 2-2: Fly out, F8 (Flyball, 78D)
|
Batting: RHB Raleigh Delaney
|
0-0: Ball 1-0: Called Strike 1-1: SINGLE (Groundball, 56D)
|
Pitching: RHP Carl Stewart
|
|
Pinch Hitting: LHB Scot Willis
|
0-0: Ball 1-0: Called Strike 1-1: Called Strike 1-2: Ball 2-2: Foul Ball, location: 2F 2-2: Strikes out swinging
|
Top of the 7th over - 0 runs, 1 hit, 0 errors, 1 left on base; Ottawa 1 - Marquette 0 |
BOTTOM OF THE 7TH |
Marquette Miners batting - Pitching for Ottawa Nationals : RHP Héctor Aguilar
|
Now at SS: Vincente Fuentes
|
|
Batting: SHB Ted Tullo
|
0-0: Ball 1-0: SINGLE (Line Drive, 56D)
|
Batting: RHB Adam Khan
|
0-0: Bunted foul 0-1: Bunt missed! 0-2: Foul Ball, location: 2F 0-2: Ball 1-2: Ground out 5-3 (Groundball, 56) Ted Tullo to second
|
Batting: RHB Brock Dean
|
0-0: Foul Ball, location: 2F 0-1: Ball 1-1: Fly out, F3 (Popup, 3SF)
|
Batting: RHB Andrew Cantrell
|
0-0: Ground out 5-3 (Groundball, 56)
|
Bottom of the 7th over - 0 runs, 1 hit, 0 errors, 1 left on base; Ottawa 1 - Marquette 0 |
TOP OF THE 8TH |
Ottawa Nationals batting - Pitching for Marquette Miners : RHP Carl Stewart
|
Batting: LHB Walt Lathon
|
0-0: Called Strike 0-1: Ball 1-1: Called Strike 1-2: Foul Ball, location: 2F 1-2: Foul Ball, location: 2F 1-2: Strikes out swinging
|
Batting: LHB Alan Shaw
|
0-0: Ball 1-0: Called Strike 1-1: Foul Ball, location: 2F 1-2: Fly out, F8 (Flyball, 8RD)
|
Batting: RHB Jon Hounshell
|
0-0: Ball 1-0: Foul Ball, location: 2F 1-1: Ball 2-1: Ball 3-1: Base on Balls
|
Batting: RHB Juan Román
|
0-0: Ball 1-0: Ground out U3 (Groundball, 3)
|
Top of the 8th over - 0 runs, 0 hits, 0 errors, 1 left on base; Ottawa 1 - Marquette 0 |
BOTTOM OF THE 8TH |
Marquette Miners batting - Pitching for Ottawa Nationals : RHP Héctor Aguilar
|
Pitching: RHP Martín García
|
|
Batting: RHB Steven Rohrs
|
0-0: Called Strike 0-1: Ball 1-1: Foul Ball, location: 2F 1-2: Fly out, F8 (Line Drive, 8LD)
|
Batting: LHB Adrian McCoy
|
0-0: Ball 1-0: Foul Ball, location: 2F 1-1: Swinging Strike 1-2: Foul Ball, location: 2F 1-2: Foul Ball, location: 2F 1-2: Strikes out swinging
|
Batting: SHB Theron Montecalvo
|
0-0: Ground out 4-3 (Groundball, 4)
|
Bottom of the 8th over - 0 runs, 0 hits, 0 errors, 0 left on base; Ottawa 1 - Marquette 0 |
TOP OF THE 9TH |
Ottawa Nationals batting - Pitching for Marquette Miners : RHP Carl Stewart
|
Pitching: RHP Carson Vancuren
|
|
Batting: RHB Mike Jennings
|
0-0: Ground out 5-3 (Groundball, 56)
|
Batting: RHB Alejandro Serrato
|
0-0: Foul Ball, location: 2F 0-1: Swinging Strike 0-2: Ball 1-2: Foul Ball, location: 2F 1-2: Fly out, F5 (Popup, 5SF)
|
Batting: LHB Jesús Mancía
|
0-0: Ball 1-0: Called Strike 1-1: Called Strike 1-2: Strikes out swinging
|
Top of the 9th over - 0 runs, 0 hits, 0 errors, 0 left on base; Ottawa 1 - Marquette 0 |
BOTTOM OF THE 9TH |
Marquette Miners batting - Pitching for Ottawa Nationals : RHP Martín García
|
Pitching: RHP Ed Maresh
|
|
Batting: RHB Roy Bowman
|
0-0: Ball 1-0: Called Strike 1-1: Swinging Strike 1-2: Strikes out looking
|
Batting: RHB Ken Little
|
0-0: Ball 1-0: Swinging Strike 1-1: Fly out, F8 (Flyball, 78D)
|
Batting: SHB Ted Tullo
|
0-0: Called Strike 0-1: Ball 1-1: Fly out, F8 (Flyball, 8LD)
|
Bottom of the 9th over - 0 runs, 0 hits, 0 errors, 0 left on base; Ottawa 1 - Marquette 0 |
|